 Dungeon Crawl Stone Soup version 0.29-a0-234-g0dae59b3db (webtiles) character file.

Game seed: 8707814852417128153

226 spaghetti the Skirmisher (level 5, -4/47 HPs)
             Began as a Mummy Delver on Mar 3, 2022.
             Slain by a gnoll
             ... wielding a +0 halberd
              (6 damage)
             ... on level 3 of the Dungeon.
             The game lasted 00:02:40 (1293 turns).

spaghetti the Skirmisher (Mummy Delver)             Turns: 1293, Time: 00:02:40

Health: -4/47      AC:  4    Str: 18    XL:     5   Next: 69%
Magic:  5/5        EV: 11    Int:  9    God:
Gold:   13         SH:  0    Dex: 13    Spells: 4/4 levels left

rFire   x . .      SeeInvis .   a - +0 falchion {long}
rCold   + . .      Faith    .   (no shield)
rNeg    + + +      Spirit   .   b - +1 leather armour
rPois   ∞          Reflect  .   (no helmet)
rElec   .          Harm     .   (no cloak)
rCorr   .          Rampage  .   (no gloves)
Will    .....                   (no boots)
Stlth   ++........              (no amulet)
HPRegen 0.15/turn               (no ring)
MPRegen 0.09/turn               (no ring)

@: no status effects
A: cold resistance 1, negative energy resistance 3, torment resistance 2, heat
vulnerability 1, in touch with death 1, no potions
a: no special abilities


You were on level 3 of the Dungeon.
You visited 1 branch of the dungeon, and saw 3 of its levels.

You collected 13 gold pieces.


Innate Abilities, Weirdness & Mutations

You are immune to poison.
Your flesh is cold resistant. (rC+)
You are immune to negative energy. (rN+++)
You are immune to unholy pain and torment.
You are vulnerable to heat. (rF-)
You are in touch with the powers of death.
You do not drink.


   Skills:
 + Level 6.5 Fighting
 - Level 1.5 Long Blades
 - Level 1.5 Dodging
 - Level 4.1 Stealth


You had 4 spell levels left.
You didn't know any spells.
Your spell library contained the following spells:

 Spells                   Type           Power      Damage    Failure   Level
 Sting                    Tmut/Pois      0%         1d3       43%         1
 Alistair's Intoxication  Tmut/Pois      0%         N/A       100%        5
 Metabolic Englaciation   Hex/Ice        0%         N/A       100%        5
 Summon Mana Viper        Hex/Summ       0%         N/A       100%        5

Inventory:

Hand Weapons
 a - a +0 falchion (weapon) {long}
Missiles
 h - 3 poisoned darts (quivered) {throwing}
Armour
 b - a +1 leather armour (worn)
Jewellery
 e - a ring of resist corrosion
   (You found it on level 4 of the Dungeon)
Wands
 f - a wand of digging (2)
 g - a wand of iceblast (7)
   (You found it on level 5 of the Dungeon)
Scrolls
 c - a scroll of fog
 d - a scroll of magic mapping {!r}

Dungeon Overview and Level Annotations

Branches:
Dungeon (5/15)
 Temple: D:4-7

Altars:
Fedhas

#.................#..
.....................+..
...##....#(##........#
.........#.##........# #
........#..#........# #.
...................#
#..###..###..#...........
.........!...............
.....gg.@................
.....g.)###...#...#......
..............#...#......
.....g............#.....
...._.............+ ..
...###(.###.##....# ..
.... ...+....# . #..#
####..l.# . .... .


You could see 4 gnolls.


Message History

You take 4 damage, and now have 23/47 hp.
You miss the adder. The giant cockroach bites you.
* * * LOW HITPOINT WARNING * * *
The adder bites you.
* * * LOW HITPOINT WARNING * * *
😨 HP[-2]
You take 2 damage, and now have 21/47 hp.
You barely miss the adder. The adder bites you.
* * * LOW HITPOINT WARNING * * *
The giant cockroach bites you.
* * * LOW HITPOINT WARNING * * *
The adder barely misses you.
The giant cockroach bites you but does no damage. 😨 HP[-3]
You take 3 damage, and now have 18/47 hp.
You hit the adder.
You kill the adder!
The giant cockroach bites you but does no damage.
You hit the giant cockroach but do no damage.
The giant cockroach barely misses you.
The giant cockroach bites you but does no damage.
You hit the giant cockroach but do no damage.
The giant cockroach bites you but does no damage.
You hit the giant cockroach.
The giant cockroach bites you but does no damage. 😨 HP[+1]
You barely miss the giant cockroach. The giant cockroach closely misses you.
The giant cockroach barely misses you.
You barely miss the giant cockroach. The giant cockroach closely misses you.
You closely miss the giant cockroach.
The giant cockroach bites you but does no damage. x2
You hit the giant cockroach.
You kill the giant cockroach!
You see here a giant cockroach corpse.
You start resting.
A frilled lizard comes into view. 😨 HP[+4]
You regained 4 hp, and now have 23/47 hp.
You have 13 gold pieces.
Unknown command.
A frilled lizard is nearby! 😮 HP[+1]
i - a scroll labelled FISEBR VOIDGHIO
There are no items here.
As you read the scroll labelled FISEBR VOIDGHIO, it crumbles to dust.
It is a scroll of enchant armour.
Your +0 leather armour glows green for a moment. 😮 HP[+1]
Found a faded altar of an unknown god.
A gnoll comes into view. It is wielding a +0 halberd. 😮 HP[+1]
The gnoll shouts!
You hear a shout! x2
The gnoll throws a throwing net.
The throwing net hits you.
You become entangled in the net!
Things that are here:
a throwing net {=f!fthrowing}; a +0 spear {polearm} Unknown command.
Okay, then.
You can't drink.
You struggle against the net.
You struggle against the net.
A gnoll comes into view. It is wielding a +0 club.
You struggle against the net.
The gnoll hits you from afar with a +0 halberd.
A gnoll comes into view. It is wielding a +0 club. 😮 HP[-2]
You take 2 damage, and now have 24/47 hp.
You rip the net and break free!
A gnoll comes into view. It is wielding a +0 halberd.
The gnoll hits you from afar with a +0 halberd!
* * * LOW HITPOINT WARNING * * *
😨 HP[-12]
You take 12 damage, and now have 12/47 hp.
MASSIVE DAMAGE!! (PAUSE)
The gnoll throws a throwing net.
The throwing net hits you.
You become entangled in the net!
You see here a throwing net {=f!fthrowing}.
Unknown command.
Unknown command.
Okay, then.
You struggle against the net.
The gnoll shouts!
You hear an angry hiss.
The gnoll hits you from afar with a +0 halberd.
* * * LOW HITPOINT WARNING * * *
😱 HP[-3]
You take 3 damage, and now have 9/47 hp.
You struggle against the net.
The gnoll throws a stone.
The stone barely misses you.
The gnoll hits you from afar with a +0 halberd!
* * * LOW HITPOINT WARNING * * *
😱 HP[-7]
You take 7 damage, and now have 2/47 hp.
You struggle against the net.
The gnoll closely misses you.
The gnoll throws a stone.
The stone barely misses you.
Unknown command.
Unknown command.
Unknown command.
You shred the net and break free!
The gnoll hits you from afar with a +0 halberd.
You die...

Skill      XL: |  1  2  3  4  5 |
---------------+----------------+-----
Fighting       | 4 5 6 |  6.5
Long Blades    | |  1.5
Dodging        | |  1.5
Stealth        | |  4.1

Action                   |  1- 3 |  4- 6 || total
-------------------------+-------+-------++-------
Melee: Falchion          |    10 |    85 ||    95
       Punch             |       |     2 ||     2
Throw: Dart              |       |    14 ||    14
Evoke: Wand              |     3 |     5 ||     8
  Use: Scroll            |     1 |     3 ||     4
 Stab: Sleeping          |       |     1 ||     1
Armor: Leather armour    |     1 |    38 ||    39
Dodge: Dodged            |     6 |    65 ||    71

Levels and vault maps discovered:
D:3:      layout_basic, mainiacjoe_overflow_alcove_4,
          hellmonk_ecumenical_altar_lost_god, nicolae_wormholes
D:4:      layout_loops_corners, minivault_27, chequers_serial_rivers_small_a,
          hangedman_decor_push, minivault_4
D:5:      layout_loops_ring, minmay_misc_feat_hallway

Notes
Turn   | Place    | Note
-------+----------+-------------------------------------------
     0 | D:5      | spaghetti the Mummy Delver began the quest for the Orb.
     0 | D:5      | Reached XP level 1. HP: 18/18 MP: 1/1
     0 | D:5      | magus.rc [v1.9.6]
    28 | D:5      | Noticed a howler monkey
    31 | D:5      | Noticed a black bear
    42 | D:5      | Killed a howler monkey
    43 | D:5      | Reached skill level 4 in Fighting
    43 | D:5      | Reached XP level 2. HP: 11/26 MP: 2/2
    43 | D:5      | Gained mutation: You are in touch with the powers of death.
                  | [Mummy growth]
    43 | D:5      | Reached XP level 3. HP: 13/31 MP: 3/3
    70 | D:5      | Killed a black bear
    71 | D:5      | Reached skill level 5 in Fighting
    71 | D:5      | Reached XP level 4. HP: 20/39 MP: 4/4
    74 | D:5      | Reached XP level 5. HP: 24/46 MP: 5/5
   117 | D:5      | HP: 8/46 [shadow imp (4)]
   128 | D:4      | Reached skill level 6 in Fighting
   136 | D:4      | HP: 8/46 [ball python (3)]
   153 | D:4      | HP: 9/46 [hobgoblin (1)]
   158 | D:4      | HP: 4/46 [orc/+0 hand axe (6)]
   163 | D:4      | You add the spells Sting, Metabolic Englaciation, Summon
                  | Mana Viper and Alistair's Intoxication to your library.
   163 | D:4      | Got the Tome of the Oath and Contamination
   870 | D:3      | Found a blossoming altar of Fedhas.
  1282 | D:3      | Found a faded altar of an unknown god.
  1290 | D:3      | HP: 9/47 [gnoll/+0 halberd (3)]
  1291 | D:3      | HP: 2/47 [gnoll/+0 halberd (7)]
  1293 | D:3      | Slain by a gnoll

Vanquished Creatures
  A black bear (D:5)
  A howler monkey (D:5)
  A jelly (D:4)
  An orc wizard (D:5)
  2 adders (D:3)
  A worm (D:3)
  4 orcs
  2 endoplasms
  A giant cockroach (D:3)
  A goblin (D:4)
  A hobgoblin (D:4)
  3 kobolds (D:3)
  3 ball pythons
  A rat (D:3)
23 creatures vanquished.

Table legend:
 A = Non-vault XP
 B = Vault XP
 C = Vault XP percentage of total XP
 D = Non-vault monster count
 E = Vault monster count
 F = Vault count percentage of total count
                 A         B        C        D         E       F
            +---------+---------+-------+---------+---------+-------
      Total |     319 |       5 |   1.5 |      22 |       1 |   4.3
            +---------+---------+-------+---------+---------+-------
        D:3 |      40 |       5 |  11.1 |      10 |       1 |   9.1
        D:4 |      58 |       0 |   0.0 |       8 |       0 |   0.0
        D:5 |     221 |       0 |   0.0 |       4 |       0 |   0.0
            +---------+---------+-------+---------+---------+-------

Illustrated notes

Table legend:
 A = Kills in this place as a percentage of kills in entire the game.
 B = Kills by you in this place as a percentage of kills by you in the entire game.
 C = Kills by friends in this place as a percentage of kills by friends in the entire game.
 D = Other kills in this place as a percentage of other kills in the entire game.
 E = Experience gained in this place as a percentage of experience gained in the entire game.
 F = Experience gained in this place divided by the number of levels of this place that you have seen.
                   A       B       C       D       E      F
               +-------+-------+-------+-------+-------+----------------------
         Total | 100.0 | 100.0 |   N/A |   N/A | 100.0 | 108.0
       Dungeon | 100.0 | 100.0 |   N/A |   N/A | 100.0 | 108.0
               +-------+-------+-------+-------+-------+----------------------

Table legend: (Time is in decaauts)
 A = Elapsed time spent in this place.
 B = Non-inter-level travel time spent in this place.
 C = Inter-level travel time spent in this place.
 D = Time resting spent in this place.
 E = Time spent auto-exploring this place.
 F = Levels seen in this place.
 G = Mean time per level.
                   A        B        C        D        E       F      G
               +--------+--------+--------+--------+--------+-----+--------+
         Total |   1315 |   1298 |     17 |    578 |    417 |   3 |  438.3 |
       Dungeon |   1315 |   1298 |     17 |    578 |    417 |   3 |  438.3 |
               +--------+--------+--------+--------+--------+-----+--------+

Top non-repeatable levels by time:
     D:3: 629 daAuts
     D:4: 554 daAuts
     D:5: 130 daAuts
